[Event "Belgrade Spring Open 2021"]
[Site "Belgrade"]
[Date "2021.04.05"]
[Round "5.3"]
[White "Kaasen, Tor Fredrik"]
[Black "Dimitrijevic, Dusan"]
[Result "*"]
[ECO "A31"]
[WhiteElo "2397"]
[BlackElo "2092"]
[Annotator "ChessBase"]
[PlyCount "40"]
[EventDate "2021.04.02"]
[EventType "swiss"]
[EventCountry "SRB"]
[SourceTitle "playchess.com"]
[Source "ChessBase"]
[SourceQuality "1"]
[TimeControl "5400+30"]

1. Nf3 c5 2. c4 g6 3. d4 Bg7 4. e4 d6 5. Nc3 Na6 6. Be2 cxd4 7. Nxd4 Nf6 8. O-O O-O 9. Be3 Nc5 10. f3 Ne6 11. Qd2 Nxd4 12. Bxd4 Be6 13. Rad1 a6 14. b3 Nd7 15. f4 Bxd4+ 16. Qxd4 f6 17. Kh1 Qb6 18. Qd2 Kh8 19. h3 Rg8 20. Nd5 Qd8 *

[Event "Belgrade Spring Open 2021"]
[Site "Belgrade"]
[Date "2021.04.05"]
[Round "5.4"]
[White "Kaasen, Tor Fredrik"]
[Black "Dimitrijevic, Dusan"]
[Result "1-0"]
[ECO "A40"]
[WhiteElo "2397"]
[BlackElo "2092"]
[Annotator "ChessBase"]
[PlyCount "71"]
[EventDate "2021.04.02"]
[EventType "swiss"]
[EventCountry "SRB"]
[SourceTitle "playchess.com"]
[Source "ChessBase"]
[SourceQuality "1"]
[TimeControl "5400+30"]

1. d4 e6 2. c4 b6 3. a3 Bb7 4. Nc3 f5 5. Bf4 Be7 6. e3 Bf6 7. Nf3 Ne7 8. Bd3 d6 9. e4 Nd7 10. Qe2 O-O 11. O-O e5 12. dxe5 dxe5 13. Bd2 Nc5 14. Bc2 f4 15. Rfd1 Qe8 16. Nd5 Nxd5 17. cxd5 Ba6 18. Qe1 g5 19. Bb4 g4 20. Bxc5 bxc5 21. Nd2 Bh4 22. Nf1 g3 23. fxg3 fxg3 24. Qa5 gxh2+ 25. Kh1 Qg6 26. Ne3 Rf2 27. d6 Be2 28. Qxc5 Raf8 29. Bb3+ Kg7 30. dxc7 Bg4 31. Rd8 Bxd8 32. cxd8=Q Rxd8 33. Nxg4 Qxg4 34. Qxf2 Rf8 35. Qxa7+ Kh6 36. Qe3+ 1-0

[Event "Belgrade Spring Open 2021"]
[Site "Belgrade"]
[Date "2021.04.05"]
[Round "5.5"]
[White "Ozsakallioglu, Okan"]
[Black "Sturt, Raven"]
[Result "0-1"]
[ECO "E19"]
[WhiteElo "2249"]
[BlackElo "2490"]
[Annotator "ChessBase"]
[PlyCount "86"]
[EventDate "2021.04.02"]
[EventType "swiss"]
[EventCountry "SRB"]
[SourceTitle "playchess.com"]
[Source "ChessBase"]
[SourceQuality "1"]
[TimeControl "5400+30"]

1. d4 Nf6 2. Nf3 e6 3. c4 b6 4. g3 Bb7 5. Bg2 Be7 6. O-O O-O 7. Nc3 Ne4 8. Qc2 Nxc3 9. Qxc3 d6 10. b3 Bf6 11. Bb2 Nd7 12. Qc2 g6 13. Rad1 Qe7 14. e4 Bg7 15. e5 dxe5 16. Nxe5 Bxg2 17. Kxg2 Nxe5 18. dxe5 Qc5 19. Qe4 Rad8 20. f4 Qa5 21. Qc2 h5 22. Bc3 Qc5 23. Qe4 b5 24. Kf3 Qa3 25. Qc2 bxc4 26. bxc4 Qa6 27. Ba1 Rfe8 28. h3 Qc6+ 29. Ke3 Bf8 30. Bd4 a6 31. g4 h4 32. f5 exf5 33. gxf5 Bc5 34. Qe4 Bxd4+ 35. Rxd4 Qc5 36. e6 fxe6 37. f6 Kf7 38. Kd3 e5 39. Rd5 c6 40. Rxd8 Rxd8+ 41. Ke2 Rd4 42. Qc2 e4 43. Qb3 Qh5+ 0-1

[Event "Belgrade Spring Open 2021"]
[Site "Belgrade"]
[Date "2021.04.05"]
[Round "5.6"]
[White "Pasti, Aron"]
[Black "Draskovic, Luka"]
[Result "1/2-1/2"]
[ECO "C41"]
[WhiteElo "2231"]
[BlackElo "2472"]
[Annotator "ChessBase"]
[PlyCount "80"]
[EventDate "2021.04.02"]
[EventType "swiss"]
[EventCountry "SRB"]
[SourceTitle "playchess.com"]
[Source "ChessBase"]
[SourceQuality "1"]
[TimeControl "5400+30"]

1. e4 d6 2. d4 Nf6 3. Nc3 Nbd7 4. Nf3 e5 5. Bc4 Be7 6. O-O O-O 7. Re1 c6 8. a4 h6 9. a5 Rb8 10. Be3 Ng4 11. Bd2 Ngf6 12. h3 b5 13. axb6 axb6 14. b4 b5 15. Bf1 Bb7 16. Qb1 Re8 17. Qb3 exd4 18. Nxd4 Bf8 19. Rad1 Ne5 20. f4 Ng6 21. Bd3 Nh5 22. Rf1 d5 23. exd5 c5 24. Bxg6 fxg6 25. Ndxb5 cxb4 26. d6+ Kh7 27. Qxb4 Ng3 28. Rfe1 Nf5 29. Qc5 Rc8 30. Rxe8 Qxe8 31. Qb6 Qd7 32. Bc1 Nh4 33. Rd2 Ba8 34. Kh2 Nxg2 35. Rxg2 Bxg2 36. Kxg2 Bxd6 37. Qxd6 Qxd6 38. Nxd6 Rxc3 39. Ne4 Rxc2+ 40. Bd2 Ra2 1/2-1/2

[Event "Belgrade Spring Open 2021"]
[Site "Belgrade"]
[Date "2021.04.05"]
[Round "5.7"]
[White "Janjic, Stefan"]
[Black "Tadic, Stefan"]
[Result "*"]
[ECO "D46"]
[WhiteElo "2176"]
[BlackElo "2416"]
[Annotator "ChessBase"]
[PlyCount "31"]
[EventDate "2021.04.02"]
[EventType "swiss"]
[EventCountry "SRB"]
[SourceTitle "playchess.com"]
[Source "ChessBase"]
[SourceQuality "1"]
[TimeControl "5400+30"]

1. Nf3 e6 2. c4 Nf6 3. Nc3 d5 4. e3 Bd6 5. d4 c6 6. Bd3 Nbd7 7. e4 dxe4 8. Nxe4 Nxe4 9. Bxe4 Bb4+ 10. Bd2 Bxd2+ 11. Qxd2 O-O 12. O-O c5 13. Rfd1 cxd4 14. Qxd4 Qf6 15. Bc2 a5 16. Qd2 *

[Event "Belgrade Spring Open 2021"]
[Site "Belgrade"]
[Date "2021.04.05"]
[Round "5.7"]
[White "Mitev, Valentin"]
[Black "Pastar, Slaven"]
[Result "1-0"]
[ECO "D46"]
[WhiteElo "2166"]
[BlackElo "2374"]
[Annotator "ChessBase"]
[PlyCount "103"]
[EventDate "2021.04.02"]
[EventType "swiss"]
[EventCountry "SRB"]
[SourceTitle "playchess.com"]
[Source "ChessBase"]
[SourceQuality "1"]
[TimeControl "5400+30"]

1. Nf3 e6 2. c4 Nf6 3. Nc3 d5 4. e3 Bd6 5. d4 c6 6. Bd3 Nbd7 7. e4 dxe4 8. Nxe4 Nxe4 9. Bxe4 Bb4+ 10. Bd2 Bxd2+ 11. Qxd2 O-O 12. O-O c5 13. Rfd1 cxd4 14. Qxd4 Qf6 15. Bc2 a5 16. Qd2 g6 17. Rab1 Ne5 18. Nxe5 Qxe5 19. Qd6 Qxd6 20. Rxd6 Rb8 21. c5 e5 22. a3 Be6 23. b4 axb4 24. axb4 Rfe8 25. h3 Rbd8 26. Rbd1 Rxd6 27. Rxd6 f5 28. Ba4 Re7 29. b5 Bc4 30. b6 e4 31. Bd7 Ba6 32. Bc8 Bb5 33. g4 Kg7 34. g5 f4 35. c6 e3 36. fxe3 bxc6 37. exf4 Re1+ 38. Kf2 Re2+ 39. Kf3 Rb2 40. Ke3 c5 41. b7 Bf1 42. Rd7+ Kf8 43. Rxh7 Bg2 44. Rc7 Rb3+ 45. Kf2 Rb2+ 46. Kg3 Be4 47. f5 gxf5 48. Kf4 Bg2 49. g6 Bd5 50. Ke5 Bg8 51. Bxf5 Re2+ 52. Be4 1-0

[Event "Belgrade Spring Open 2021"]
[Site "Belgrade"]
[Date "2021.04.05"]
[Round "5.8"]
[White "Janjic, Stefan"]
[Black "Tadic, Stefan"]
[Result "1-0"]
[ECO "A48"]
[WhiteElo "2176"]
[BlackElo "2416"]
[Annotator "ChessBase"]
[PlyCount "75"]
[EventDate "2021.04.02"]
[EventType "swiss"]
[EventCountry "SRB"]
[SourceTitle "playchess.com"]
[Source "ChessBase"]
[SourceQuality "1"]
[TimeControl "5400+30"]

1. d4 Nf6 2. Nf3 g6 3. Bg5 Bg7 4. Nbd2 O-O 5. e4 d5 6. exd5 Nxd5 7. Nb3 a5 8. a4 b6 9. c3 h6 10. Bc1 Nd7 11. Bc4 Bb7 12. O-O e6 13. Re1 Qf6 14. Nbd2 g5 15. Ne4 Qg6 16. Ng3 f5 17. Bb5 c6 18. Bc4 g4 19. Ne5 Nxe5 20. dxe5 Rad8 21. Qc2 c5 22. Bxd5 Rxd5 23. Bf4 h5 24. Qb3 h4 25. Nf1 Bh6 26. Bxh6 Qxh6 27. Qxb6 Ba8 28. Rad1 h3 29. Rxd5 Bxd5 30. Ne3 Be4 31. Rd1 g3 32. hxg3 f4 33. Ng4 Qh5 34. Qxe6+ Kh8 35. gxh3 Qxh3 36. Qh6+ Qxh6 37. Nxh6 Bf3 38. Rd8 1-0

[Event "Belgrade Spring Open 2021"]
[Site "Belgrade"]
[Date "2021.04.05"]
[Round "5.8"]
[White "Mitev, Valentin"]
[Black "Pastar, Slaven"]
[Result "*"]
[ECO "A48"]
[WhiteElo "2166"]
[BlackElo "2374"]
[Annotator "ChessBase"]
[PlyCount "33"]
[EventDate "2021.04.02"]
[EventType "swiss"]
[EventCountry "SRB"]
[SourceTitle "playchess.com"]
[Source "ChessBase"]
[SourceQuality "1"]
[TimeControl "5400+30"]

1. d4 Nf6 2. Nf3 g6 3. Bg5 Bg7 4. Nbd2 O-O 5. e4 d5 6. exd5 Nxd5 7. Nb3 a5 8. a4 b6 9. c3 h6 10. Bc1 Nd7 11. Bc4 Bb7 12. O-O e6 13. Re1 Qf6 14. Nbd2 g5 15. Ne4 Qg6 16. Ng3 f5 17. Bb5 *

[Event "Belgrade Spring Open 2021"]
[Site "Belgrade"]
[Date "2021.04.05"]
[Round "5.10"]
[White "Lajthajm, Borko"]
[Black "Kanov, Nikola"]
[Result "1-0"]
[ECO "C60"]
[WhiteElo "2359"]
[BlackElo "2140"]
[Annotator "ChessBase"]
[PlyCount "121"]
[EventDate "2021.04.02"]
[EventType "swiss"]
[EventCountry "SRB"]
[SourceTitle "playchess.com"]
[Source "ChessBase"]
[SourceQuality "1"]
[TimeControl "5400+30"]

1. e4 e5 2. Nf3 Nc6 3. Bb5 a6 4. Ba4 Nge7 5. O-O g6 6. d4 exd4 7. Nxd4 Bg7 8. c3 O-O 9. Nxc6 Nxc6 10. Bf4 b5 11. Bb3 Na5 12. Bd5 c6 13. Bb3 Re8 14. Nd2 d5 15. exd5 cxd5 16. Nf3 Nc4 17. Bg5 Qc7 18. Qc1 Bb7 19. Nd4 Rac8 20. Rd1 Qb6 21. Rb1 b4 22. Ba4 Re4 23. Bd7 Rb8 24. Bh6 Rd8 25. Bxg7 Kxg7 26. Ba4 Rc8 27. Bc2 Re5 28. Qf4 Rce8 29. Nf3 Re2 30. Qd4+ Qxd4 31. Nxd4 R2e7 32. cxb4 Nxb2 33. Rdc1 Nc4 34. Bd3 Rc8 35. a4 Nb6 36. a5 Na4 37. Rxc8 Bxc8 38. Rc1 Nb2 39. Bf1 Nc4 40. f3 Rb7 41. Bxc4 Rc7 42. Kf2 dxc4 43. Ke3 Kf6 44. Kd2 Bb7 45. Kc3 Bd5 46. Re1 Rc8 47. b5 axb5 48. Nxb5 Rb8 49. Nd4 g5 50. a6 Ra8 51. Ra1 Ke7 52. a7 Kd6 53. Ra5 f6 54. Nf5+ Ke6 55. Ne3 Bb7 56. Nxc4 Rc8 57. Kd4 Rd8+ 58. Ke3 Ba8 59. Nb6 Kd6 60. Nxa8 Rxa8 61. Ke4 1-0

[Event "Belgrade Spring Open 2021"]
[Site "Belgrade"]
[Date "2021.04.06"]
[Round "6.2"]
[White "Sargsyan, Shant"]
[Black "Milanovic, Slavisa"]
[Result "1-0"]
[ECO "B42"]
[WhiteElo "2598"]
[BlackElo "2301"]
[Annotator "ChessBase"]
[PlyCount "65"]
[EventDate "2021.04.02"]
[EventType "swiss"]
[EventCountry "SRB"]
[SourceTitle "playchess.com"]
[Source "ChessBase"]
[SourceQuality "1"]
[TimeControl "5400+30"]

1. d4 e6 2. Nf3 c5 3. e4 cxd4 4. Nxd4 a6 5. c4 d6 6. Nc3 Nf6 7. Bd3 b6 8. O-O Bb7 9. f4 Nbd7 10. b4 Rc8 11. Bb2 Qc7 12. Qe1 Be7 13. Qg3 g6 14. Rae1 Nh5 15. Qh3 O-O 16. g4 Ng7 17. a3 e5 18. Nd5 Qd8 19. Nf3 f6 20. f5 g5 21. Qg3 h6 22. h4 Bxd5 23. exd5 b5 24. cxb5 axb5 25. Kg2 Nb6 26. hxg5 hxg5 27. Bxb5 Nxd5 28. Nxg5 Rc2+ 29. Re2 Qa8 30. Rxc2 Nf4+ 31. Kh2 fxg5 32. Bc6 Qa7 33. Rxf4 1-0

[Event "Belgrade Spring Open 2021"]
[Site "Belgrade"]
[Date "2021.04.06"]
[Round "6.3"]
[White "Sturt, Raven"]
[Black "Janjic, Stefan"]
[Result "1-0"]
[ECO "C09"]
[WhiteElo "2490"]
[BlackElo "2176"]
[Annotator "ChessBase"]
[PlyCount "107"]
[EventDate "2021.04.02"]
[EventType "swiss"]
[EventCountry "SRB"]
[SourceTitle "playchess.com"]
[Source "ChessBase"]
[SourceQuality "1"]
[TimeControl "5400+30"]

1. e4 e6 2. d4 d5 3. Nd2 c5 4. Ngf3 Nc6 5. dxc5 Bxc5 6. Nb3 Bb6 7. exd5 exd5 8. Bg5 Nf6 9. Bd3 O-O 10. O-O Bg4 11. h3 Bh5 12. Re1 Qd6 13. Be3 Ne5 14. g4 Nxd3 15. cxd3 Bg6 16. Qd2 Bxe3 17. Qxe3 Qb4 18. Ne5 Rfe8 19. Qd4 Qxd4 20. Nxd4 Re7 21. f4 Rae8 22. Kf2 h6 23. Re2 Rd8 24. Rae1 Bh7 25. Ndf3 Ne8 26. f5 f6 27. Ng6 Rxe2+ 28. Rxe2 Bxg6 29. fxg6 Kf8 30. Nd4 Rc8 31. Ne6+ Kg8 32. Nd4 Kf8 33. Nf5 Rc7 34. Ke3 Rd7 35. Kd4 Nd6 36. a4 Ne8 37. h4 Nc7 38. h5 Na6 39. Re6 b6 40. Rd6 Rxd6 41. Nxd6 Nc5 42. a5 Ke7 43. Nf5+ Kf8 44. axb6 axb6 45. Ne3 Na4 46. b3 Nc5 47. b4 Ne6+ 48. Kxd5 Nf4+ 49. Kc6 Nxd3 50. b5 Ke7 51. Nf5+ Kd8 52. Nxg7 Ne5+ 53. Kxb6 Nxg4 54. Nf5 1-0

[Event "Belgrade Spring Open 2021"]
[Site "Belgrade"]
[Date "2021.04.06"]
[Round "6.4"]
[White "Kamer, Kayra"]
[Black "Kazakouski, Valery"]
[Result "1-0"]
[ECO "C47"]
[WhiteElo "2339"]
[BlackElo "2476"]
[Annotator "ChessBase"]
[PlyCount "93"]
[EventDate "2021.04.02"]
[EventType "swiss"]
[EventCountry "SRB"]
[SourceTitle "playchess.com"]
[Source "ChessBase"]
[SourceQuality "1"]
[TimeControl "5400+30"]

1. e4 e5 2. Nf3 Nc6 3. Nc3 Nf6 4. a4 Bb4 5. Bd3 d6 6. Nd5 Bc5 7. c3 a6 8. Bc2 Ba7 9. O-O h6 10. d4 Bg4 11. Ne3 Bxf3 12. Qxf3 exd4 13. Nf5 g6 14. Nxd4 Nxd4 15. cxd4 Bxd4 16. Rd1 c5 17. Bf4 Qe7 18. b4 Nd7 19. Rab1 Ne5 20. Qh3 Rd8 21. bxc5 dxc5 22. Qg3 Nc6 23. Bc7 Rd7 24. Bf4 g5 25. Bd2 Be5 26. Qg4 Qe6 27. Qh5 Nd4 28. Bd3 Qg6 29. Qxg6 fxg6 30. Bc4 Ke7 31. Be3 Rc8 32. Kf1 Rcc7 33. Rb6 Rd6 34. Rdb1 Nc2 35. Rxb7 Nxe3+ 36. fxe3 Rxb7 37. Rxb7+ Kd8 38. Ke2 Bxh2 39. Bd5 Kc8 40. Rh7 h5 41. Kd3 Rb6 42. Kc4 Bg1 43. a5 Rb5 44. Bc6 Rb4+ 45. Kxc5 Rb2 46. Kd6 Rd2+ 47. Bd5 1-0

[Event "Belgrade Spring Open 2021"]
[Site "Belgrade"]
[Date "2021.04.06"]
[Round "6.5"]
[White "Milosevic, Milos"]
[Black "Potpara, Nikola"]
[Result "1/2-1/2"]
[ECO "B30"]
[WhiteElo "2334"]
[BlackElo "2370"]
[Annotator "ChessBase"]
[PlyCount "51"]
[EventDate "2021.04.02"]
[EventType "swiss"]
[EventCountry "SRB"]
[SourceTitle "playchess.com"]
[Source "ChessBase"]
[SourceQuality "1"]
[TimeControl "5400+30"]

1. e4 c5 2. Nc3 Nc6 3. Bb5 Nd4 4. Nf3 e6 5. O-O a6 6. Bd3 Nc6 7. Nd5 d6 8. Ne3 Nf6 9. c3 d5 10. exd5 Nxd5 11. Nxd5 exd5 12. Bc2 Bg4 13. h3 Bh5 14. d4 cxd4 15. g4 Bg6 16. Nxd4 Be7 17. Nf5 O-O 18. Be3 Bf6 19. Qf3 Ne5 20. Qg2 Bxf5 21. Bxf5 Nc4 22. Bc5 Re8 23. Rad1 Nxb2 24. Rxd5 Qc7 25. Qf3 Rad8 26. Bxh7+ 1/2-1/2

[Event "Belgrade Spring Open 2021"]
[Site "Belgrade"]
[Date "2021.04.06"]
[Round "6.6"]
[White "Abramovic, Bosko"]
[Black "Lajthajm, Borko"]
[Result "1-0"]
[ECO "E65"]
[WhiteElo "2333"]
[BlackElo "2359"]
[Annotator "ChessBase"]
[PlyCount "105"]
[EventDate "2021.04.02"]
[EventType "swiss"]
[EventCountry "SRB"]
[SourceTitle "playchess.com"]
[Source "ChessBase"]
[SourceQuality "1"]
[TimeControl "5400+30"]

1. Nf3 c5 2. g3 Nf6 3. Bg2 g6 4. O-O Bg7 5. c4 O-O 6. d4 Na6 7. Nc3 d6 8. b3 Bg4 9. Bb2 Qc8 10. Qd2 Bh3 11. e4 cxd4 12. Nxd4 Bxg2 13. Kxg2 Nc5 14. Rfe1 a6 15. f3 Rd8 16. Rac1 Qd7 17. Qe2 Rdb8 18. Red1 Qe8 19. Nc2 Rc8 20. Ne3 b5 21. Ncd5 Nxd5 22. Nxd5 Bxb2 23. Qxb2 Rc6 24. e5 bxc4 25. Rxc4 Rac8 26. exd6 Rxd6 27. Qc2 Kg7 28. Rxc5 Rxc5 29. Qxc5 Qd8 30. Rd3 f6 31. Qc4 Qa5 32. Nc3 Rxd3 33. Qxd3 Qa3 34. Qe2 h5 35. Nd5 e5 36. Qc2 g5 37. h4 gxh4 38. gxh4 Kf7 39. Qc7+ Kg6 40. Qe7 Qxa2+ 41. Kg3 Qa1 42. Qxf6+ Kh7 43. Qf7+ Kh6 44. Qa7 Kg6 45. Qb6+ Kg7 46. Qe3 Kf7 47. Nc3 Qa5 48. Ne4 Qa1 49. Nd6+ Kf6 50. Nc4 a5 51. Qh6+ Ke7 52. Qd6+ Kf7 53. Nxe5+ 1-0

[Event "Belgrade Spring Open 2021"]
[Site "Belgrade"]
[Date "2021.04.06"]
[Round "6.7"]
[White "Thybo, Jesper Sondergaard"]
[Black "Mitev, Valentin"]
[Result "1/2-1/2"]
[ECO "A35"]
[WhiteElo "2568"]
[BlackElo "2166"]
[Annotator "ChessBase"]
[PlyCount "74"]
[EventDate "2021.04.02"]
[EventType "swiss"]
[EventCountry "SRB"]
[SourceTitle "playchess.com"]
[Source "ChessBase"]
[SourceQuality "1"]
[TimeControl "5400+30"]

1. c4 c5 2. Nf3 Nf6 3. Nc3 Nc6 4. e3 g6 5. d4 cxd4 6. exd4 d5 7. cxd5 Nxd5 8. Qb3 Nxc3 9. Bc4 Nd5 10. Bxd5 e6 11. Bxc6+ bxc6 12. O-O Be7 13. Be3 Qd5 14. Rfc1 f6 15. Nd2 Kf7 16. Qc2 Bb7 17. f3 g5 18. Ne4 Rad8 19. Qf2 h5 20. Nc5 Bc8 21. Rc3 g4 22. Rf1 Rhg8 23. fxg4 Rxg4 24. Nd3 Ba6 25. Ne5+ Kg7 26. Nxg4 Bxf1 27. Nxf6 Bxf6 28. Bh6+ Kh7 29. Be3 Qxg2+ 30. Qxg2 Bxg2 31. Kxg2 Bxd4 32. Bxd4 Rxd4 33. Rxc6 Rd2+ 34. Kg3 Rxb2 35. Rc7+ Kg6 36. Rxa7 Kf5 37. Rf7+ Ke5 1/2-1/2

[Event "Belgrade Spring Open 2021"]
[Site "Belgrade"]
[Date "2021.04.06"]
[Round "6.9"]
[White "Lundin, Jan"]
[Black "Cobic, Vladimir"]
[Result "1/2-1/2"]
[ECO "D00"]
[WhiteElo "2188"]
[BlackElo "2365"]
[Annotator "ChessBase"]
[PlyCount "118"]
[EventDate "2021.04.02"]
[EventType "swiss"]
[EventCountry "SRB"]
[SourceTitle "playchess.com"]
[Source "ChessBase"]
[SourceQuality "1"]
[TimeControl "5400+30"]

1. d4 Nf6 2. Bg5 d5 3. Nd2 Nc6 4. c3 Bf5 5. e3 h6 6. Bh4 e6 7. Ngf3 Be7 8. Be2 O-O 9. O-O Ne4 10. Bxe7 Qxe7 11. Bb5 Bg4 12. Qc2 Bxf3 13. Nxf3 Nb8 14. Bd3 Nf6 15. Ne5 c5 16. Qe2 Nc6 17. f4 Nd7 18. Bc2 Ncxe5 19. fxe5 f5 20. Kh1 c4 21. g4 fxg4 22. Qxg4 Rxf1+ 23. Rxf1 Rf8 24. Rf4 Rxf4 25. exf4 Nf8 26. f5 exf5 27. Bxf5 g5 28. h4 Kg7 29. hxg5 hxg5 30. Qh5 b5 31. a3 a5 32. Kg2 b4 33. axb4 axb4 34. Kg3 bxc3 35. bxc3 Qa3 36. Qxg5+ Kf7 37. e6+ Ke8 38. Bg6+ Nxg6 39. Qxg6+ Kd8 40. Qg8+ Kc7 41. Qf7+ Kb6 42. Kf4 Qxc3 43. Ke5 Qe3+ 44. Kxd5 c3 45. e7 Qg5+ 46. Ke4 Qg2+ 47. Ke5 Qg3+ 48. Kd5 Qg5+ 49. Ke6 Qe3+ 50. Kf5 c2 51. e8=Q Qxe8 52. Qxe8 c1=Q 53. Qb8+ Ka6 54. d5 Qf1+ 55. Ke6 Qh3+ 56. Ke7 Qh7+ 57. Kd8 Qg8+ 58. Kc7 Qxb8+ 59. Kxb8 Kb6 1/2-1/2

[Event "Belgrade Spring Open 2021"]
[Site "Belgrade"]
[Date "2021.04.06"]
[Round "6.10"]
[White "Krasteva, Beloslava"]
[Black "Radojicic, Aleksandar M"]
[Result "1-0"]
[ECO "A57"]
[WhiteElo "2287"]
[BlackElo "2082"]
[Annotator "ChessBase"]
[PlyCount "69"]
[EventDate "2021.04.02"]
[EventType "swiss"]
[EventCountry "SRB"]
[SourceTitle "playchess.com"]
[Source "ChessBase"]
[SourceQuality "1"]
[TimeControl "5400+30"]

1. d4 Nf6 2. c4 c5 3. d5 b5 4. cxb5 a6 5. b6 Qxb6 6. Nc3 g6 7. e4 d6 8. Nf3 Bg7 9. Be2 O-O 10. Nd2 a5 11. O-O Ba6 12. Bxa6 Qxa6 13. a4 Nbd7 14. Nb5 Rfc8 15. Nc4 Nb6 16. Nxb6 Qxb6 17. Qe2 Nd7 18. Bg5 Re8 19. Rac1 Nb8 20. b3 Na6 21. Rb1 Nc7 22. Na3 e6 23. Nc4 Qa6 24. Qd3 exd5 25. exd5 Be5 26. Rbd1 Qb7 27. Rfe1 f6 28. Be3 g5 29. h4 g4 30. Bh6 Re7 31. Qf5 Rae8 32. Nxe5 fxe5 33. Re4 Qxb3 34. Rxg4+ Kh8 35. Qf6+ 1-0

[Event "Belgrade Spring Open 2021"]
[Site "Belgrade"]
[Date "2021.04.07"]
[Round "7.5"]
[White "Pasti, Aron"]
[Black "Milosevic, Milos"]
[Result "0-1"]
[ECO "C11"]
[WhiteElo "2231"]
[BlackElo "2334"]
[Annotator "RC"]
[PlyCount "80"]
[EventDate "2021.04.02"]
[EventType "swiss"]
[EventCountry "SRB"]
[SourceTitle "playchess.com"]
[Source "ChessBase"]
[SourceQuality "1"]
[TimeControl "5400+30"]

1. e4 e6 2. d4 d5 3. Nc3 Nf6 4. e5 Nfd7 5. Nce2 c5 6. c3 Nc6 7. f4 Be7 8. Nf3 O-O 9. g3 b5 10. Bh3 b4 11. O-O bxc3 12. bxc3 cxd4 13. cxd4 Nb6 14. g4 f6 15. exf6 Rxf6 16. g5 Rf8 17. Ng3 Nc4 18. Qe2 Kh8 19. Rd1 Qb6 20. Nf1 e5 21. Bxc8 exd4 22. Qe6 Raxc8 23. Qxd5 Nb4 24. Qe4 d3+ 25. Kg2 Nc2 26. Qxe7 Nxa1 27. Rxd3 Rce8 28. Qd7 Nc2 29. Ng3 Ne1+ 30. Nxe1 Rxe1 31. Bd2 Qg1+ 32. Kh3 Nxd2 33. Rxd2 Re3 34. Qb5 Rf3 35. f5 Qe3 36. Re2 Qxg5 37. Kg2 Rc3 38. Qb4 Rcc8 39. Qd4 Rc7 40. Re4 Rc2+ 0-1

[Event "Belgrade Spring Open 2021"]
[Site "Belgrade"]
[Date "2021.04.07"]
[Round "7.10"]
[White "Janjic, Stefan"]
[Black "Todorovic, Goran M"]
[Result "1/2-1/2"]
[ECO "D34"]
[WhiteElo "2176"]
[BlackElo "2406"]
[Annotator "RC"]
[PlyCount "65"]
[EventDate "2021.04.02"]
[EventType "swiss"]
[EventCountry "SRB"]
[SourceTitle "playchess.com"]
[Source "ChessBase"]
[SourceQuality "1"]
[TimeControl "5400+30"]

1. d4 d5 2. c4 e6 3. Nc3 c5 4. cxd5 exd5 5. Nf3 Nc6 6. g3 Nf6 7. Bg2 Be7 8. O-O O-O 9. dxc5 d4 10. Na4 Bf5 11. b4 Nxb4 12. Nxd4 Be4 13. Bxe4 Nxe4 14. Nf5 Bf6 15. Qxd8 Rfxd8 16. Rb1 Na6 17. Rxb7 Naxc5 18. Nxc5 Nxc5 19. Rc7 Ne4 20. Ne7+ Kh8 21. Nc6 Rdc8 22. Rxc8+ Rxc8 23. Nxa7 Rc2 24. Be3 Nc3 25. a3 h5 26. Kg2 Rxe2 27. Nc6 Ra2 28. Bd4 Bxd4 29. Nxd4 Rxa3 30. Rc1 g6 31. h4 Kg7 32. Rc2 Ne4 33. Nf3 1/2-1/2

[Event "Belgrade Spring Open 2021"]
[Site "Belgrade"]
[Date "2021.04.08"]
[Round "8.3"]
[White "Milosevic, Milos"]
[Black "Sturt, Raven"]
[Result "0-1"]
[ECO "B90"]
[WhiteElo "2334"]
[BlackElo "2490"]
[Annotator "ChessBase"]
[PlyCount "60"]
[EventDate "2021.04.02"]
[EventType "swiss"]
[EventCountry "SRB"]
[SourceTitle "playchess.com"]
[Source "ChessBase"]
[SourceQuality "1"]
[TimeControl "5400+30"]

1. e4 c5 2. Nc3 d6 3. Nge2 Nf6 4. d4 cxd4 5. Nxd4 a6 6. h3 e5 7. Nde2 h5 8. Bg5 Be6 9. Bxf6 Qxf6 10. Nd5 Qd8 11. Nec3 Nd7 12. Bc4 Rc8 13. Qe2 g6 14. O-O Bh6 15. Rad1 O-O 16. b4 Nb8 17. Bb3 Nc6 18. Qd3 Nd4 19. Ne2 Nxb3 20. cxb3 Bxd5 21. Qxd5 Rc2 22. Rfe1 Qb6 23. a3 Rd8 24. Rd3 Rd7 25. Rg3 Kg7 26. Qd3 Ra2 27. Qf3 Rxa3 28. Nc3 Qxb4 29. Rd1 Qxb3 30. Qf5 Qe6 0-1

[Event "Belgrade Spring Open 2021"]
[Site "Belgrade"]
[Date "2021.04.08"]
[Round "8.8"]
[White "Jandric, Damjan"]
[Black "Thybo, Jesper Sondergaard"]
[Result "0-1"]
[ECO "B51"]
[WhiteElo "2187"]
[BlackElo "2568"]
[Annotator "ChessBase"]
[PlyCount "66"]
[EventDate "2021.04.02"]
[EventType "swiss"]
[EventCountry "SRB"]
[SourceTitle "playchess.com"]
[Source "ChessBase"]
[SourceQuality "1"]
[TimeControl "5400+30"]

1. e4 c5 2. Nf3 d6 3. Bb5+ Nd7 4. O-O a6 5. Bxd7+ Bxd7 6. Re1 e6 7. d3 Ne7 8. b3 g6 9. d4 Bg7 10. Bb2 O-O 11. Nbd2 b5 12. e5 cxd4 13. exd6 Nc6 14. Ne4 Qb6 15. b4 Rad8 16. Qd2 e5 17. c3 Bg4 18. Nfg5 h6 19. h3 Bc8 20. Nf3 f5 21. Nc5 Rxd6 22. cxd4 e4 23. d5 Bxb2 24. Qxb2 Rxd5 25. Qb3 Rfd8 26. Rad1 Ne7 27. Rxd5 Rxd5 28. Nxe4 fxe4 29. Rxe4 Be6 30. Nd4 Re5 31. Nxe6 Rxe4 32. Nc5+ Rc4 33. Qe3 Qd6 0-1

[Event "Belgrade Spring Open 2021"]
[Site "Belgrade"]
[Date "2021.04.08"]
[Round "8.9"]
[White "Todorovic, Goran M"]
[Black "Pasti, Aron"]
[Result "0-1"]
[ECO "B47"]
[WhiteElo "2406"]
[BlackElo "2231"]
[Annotator "NA"]
[PlyCount "77"]
[EventDate "2021.04.02"]
[EventType "swiss"]
[EventCountry "SRB"]
[SourceTitle "playchess.com"]
[Source "ChessBase"]
[SourceQuality "1"]
[TimeControl "5400+30"]

1. e4 c5 2. Nf3 e6 3. d4 cxd4 4. Nxd4 Nc6 5. Nc3 Qc7 6. Qd3 Nxd4 7. Qxd4 a6 8. Be3 b5 9. Be2 Bb7 10. O-O Nf6 11. a3 Rc8 12. f4 d5 13. e5 Nd7 14. Kh1 Bc5 15. Qd3 O-O 16. Rad1 f6 17. Bxc5 Nxc5 18. Qd4 Ne4 19. Nxe4 dxe4 20. exf6 Rxf6 21. c3 Rcf8 22. Qe5 Qxe5 23. fxe5 Rf2 24. Rxf2 Rxf2 25. Rd8+ Kf7 26. Rd7+ Kg6 27. Rxb7 Rxe2 28. Kg1 e3 29. Kf1 Rf2+ 30. Ke1 Rxg2 31. b3 Rxh2 32. Re7 Rb2 33. b4 h5 34. Rxe6+ Kf7 35. Rxa6 h4 36. Ra7+ Ke6 37. Ra6+ Kxe5 38. Ra5 h3 39. Rxb5+ 0-1

[Event "Belgrade Spring Open 2021"]
[Site "Belgrade"]
[Date "2021.04.08"]
[Round "8.10"]
[White "Lazic, Ljubisa"]
[Black "Kaasen, Tor Fredrik"]
[Result "0-1"]
[ECO "A48"]
[WhiteElo "2175"]
[BlackElo "2397"]
[Annotator "NA"]
[PlyCount "73"]
[EventDate "2021.04.02"]
[EventType "swiss"]
[EventCountry "SRB"]
[SourceTitle "playchess.com"]
[Source "ChessBase"]
[SourceQuality "1"]
[TimeControl "5400+30"]

1. d4 Nf6 2. Nf3 g6 3. Bf4 Bg7 4. e3 O-O 5. h3 d6 6. Bc4 b6 7. O-O Bb7 8. Nbd2 Nbd7 9. c3 Qe8 10. Qe2 a6 11. Bg5 e5 12. Bxf6 Nxf6 13. dxe5 dxe5 14. a4 Qe7 15. Rfd1 Kh8 16. Nf1 e4 17. Ne1 Ne8 18. Nc2 a5 19. Qe1 Nd6 20. Be2 f5 21. Nd4 Be5 22. Nb5 g5 23. Nxd6 Bxd6 24. Bc4 Rad8 25. Qe2 f4 26. Bd5 c6 27. Bc4 f3 28. Qc2 fxg2 29. Kxg2 g4 30. hxg4 Bc8 31. Ng3 Bxg4 32. Be2 Rxf2+ 33. Kxf2 Qh4 34. Rxd6 Qh2+ 35. Kf1 Bh3+ 36. Ke1 Qxg3+ 37. Kd2 0-1